 Dungeon Crawl Stone Soup version 0.21-a0-531-gacddea6 (webtiles) character file.

165270 KristoblXynda the Grappler (level 17, -2/156 HPs)
             Began as a Troll Monk on Dec 12, 2017.
             Was the Champion of Cheibriados.
             Killed from afar by a starcursed mass (7 damage)
             ... with an accursed screaming
             ... on level 3 of the Abyss.
             The game lasted 01:32:48 (27315 turns).

KristoblXynda the Grappler (Troll Monk)            Turns: 27315, Time: 01:32:49

Health: -2/156     AC: 18    Str: 37    XL:     17   Next: 27%
Magic:  21/21      EV: 19    Int: 29    God:    Cheibriados [******]
Gold:   1738       SH: 20    Dex: 25    Spells: 17/26 levels left

rFire    + + +     SeeInvis .     - Unarmed
rCold    + + +     Gourm    +   O - +2 shield {reflect}
rNeg     + + +     Faith    .   J - +2 robe {MR+}
rPois    .         Spirit   .   (helmet restricted)
rElec    +         Reflect  +   p - scarf {rC+ rF+}
rCorr    +         Harm     .   (gloves unavailable)
MR       ++...                  (boots unavailable)
Stlth    +++.......             r - amulet "Hoiplusu" {Reflect rF+ rN+++ Str-4 Int+3 SH+4}
HPRegen  0.76/turn              g - ring of Mistrust {rCorr rF+ Str+3}
MPRegen  0.17/turn              m - +5 ring of protection

@: very slow
A: large, unfitting armour, antennae 2, claws 3, icy blue scales 1, rugged brown
scales 1, thin metallic scales 1, clumsy 1, cold resistance 2, fast metabolism
3, gourmand, low mp 1, regeneration 1, shaggy fur 2, electricity resistance,
tough skin 2, MP-powered wands
a: Bend Time, Temporal Distortion, Slouch, Step From Time, Renounce Religion


You were on level 3 of the Abyss.
You worshipped Cheibriados.
Cheibriados was exalted by your worship.
You were not hungry.

You visited 6 branches of the dungeon, and saw 28 of its levels.
You visited the Abyss 2 times.
You also visited: Volcano.

You collected 3266 gold pieces.
You spent 1528 gold pieces at shops.

Inventory:

Hand Weapons
 D - a +6 whip of electrocution
Armour
 p - a scarf of resistance (worn)
 s - a +2 shield of protection
 v - a scarf of repulsion
 J - a +2 robe of magic resistance (worn)
 O - a +2 shield of reflection (worn)
Jewellery
 g - the ring of Mistrust (left claw) {rCorr rF+ Str+3}
   (You bought it in a shop on level 14 of the Dungeon)

   [ring of resist corrosion]

   It affects your strength (+3).
   It protects you from fire.
 m - a +5 ring of protection (right claw)
 r - the amulet "Hoiplusu" (around neck) {Reflect rF+ rN+++ Str-4 Int+3 SH+4}
   (You found it on level 6 of the Lair of Beasts)

   [amulet of reflection]

   It shields you and reflects attacks.
   It affects your strength (-4).
   It affects your intelligence (+3).
   It protects you from fire.
   It renders you almost immune to negative energy.
   It affects your SH (+4).
Wands
 l - a wand of clouds (1)
 q - a wand of digging (17)
 t - a wand of disintegration (11)
 z - a wand of paralysis (9)
Scrolls
 n - 3 scrolls of immolation
 u - 6 scrolls of identify
 w - 4 scrolls of amnesia
 B - 7 scrolls of remove curse
 L - a scroll of magic mapping
Potions
 f - 4 potions of brilliance
 h - 3 potions of lignification
 i - 5 potions of agility
 j - 3 potions of resistance
 k - 4 potions of flight
 A - a potion of invisibility
 E - a potion of mutation
 F - 4 potions of might
 M - a potion of magic
 N - a potion of cancellation
Miscellaneous
 y - a sack of spiders
 G - a crystal ball of energy
Comestibles
 a - 11 meat rations
 b - 13 bread rations
 c - 16 fruits
 H - 13 royal jellies


   Skills:
 - Level 6.2 Fighting
 - Level 5.1 Maces & Flails
 - Level 9.0 Armour
 - Level 10.0 Dodging
 + Level 2.7 Stealth
 - Level 9.3 Shields
 - Level 12.0 Unarmed Combat
 - Level 5.1 Spellcasting
 - Level 5.0 Transmutations
 + Level 8.1 Earth Magic
 - Level 8.2 Invocations
 - Level 10.0 Evocations


You had 17 spell levels left.
You knew the following spells:

 Your Spells              Type           Power        Failure   Level  Hunger
a - Petrify               Tmut/Erth      #####...     4%          4    ###....
b - Lee's Rapid Deconstr  Erth           ######....   6%          5    #####..


Dungeon Overview and Level Annotations

Branches:
Dungeon (15/15)            Temple (1/1) D:5            Lair (6/6) D:9
  Swamp (3/4) Lair:4       Spider (0/4) Lair:3        Slime (0/5) Lair:5
    Orc (2/2) D:11            Elf (0/3) Orc:2        Vaults (0/5) D:14
 Depths (1/5) D:15

Altars:
Ashenzari
Cheibriados
Dithmenos
Elyvilon
Fedhas
Gozag
Hepliaklqana
Kikubaaqudgha
Makhleb
Nemelex Xobeh
Okawaru
Qazlal
Ru
Sif Muna
Trog
Uskayaw
Vehumet
Wu Jian
Xom
Yredelemnul
Zin
The Shining One
Beogh
Jiyva

Shops:
D:6 %}   D:9 }   D:11 *   D:14 =   Orc:1 !   Orc:2 *=([

Annotations:
Lair:5 1 runed door
Swamp:3 Louise


Innate Abilities, Weirdness & Mutations

You are too large for most types of armour.
You have claws for hands.
Your metabolism is lightning-fast.
You like to eat raw meat.
Your natural rate of healing is unusually fast.
You are covered in thick fur. (AC +2)
You have very tough skin. (AC +2)
You have a pair of antennae on your head.
You are partially covered in icy blue scales. (AC +2)
You are partially covered in rugged brown scales. (AC +1, +3% HP)
You are partially covered in thin metallic scales. (AC +2)
You are clumsy. (Dex -2)
Your flesh is very cold resistant. (rC++)
Your magical capacity is low. (-10% MP)
You are resistant to electric shocks. (rElec)
You expend magic power (3 MP) to strengthen your wands.


Message History

The large abomination is moderately damaged.
You feel your health improve.
The large abomination completely misses you.
Unknown command.
You scratch the starcursed mass.
The starcursed mass is lightly damaged.
A starcursed mass splits.
You scratch the starcursed mass.
The starcursed mass is lightly damaged.
The starcursed mass shudders and is absorbed by its neighbour.
The large abomination hits you!
* * * LOW HITPOINT WARNING * * *
A starcursed mass splits.
Unknown command.
You claw the starcursed mass!
The starcursed mass is moderately damaged.
The starcursed mass shudders and withdraws towards its neighbour. x2
A starcursed mass splits.
A chorus of shrieks assaults your mind.
You die...

.X...{ . ... .
#.# {#. ##.#
..X# .. #.### #
#X..####... .
{###...#.# ##..
#
####.##..##....#
.h #..##XX. .# .
. ....##§X#...#
#. #.§X@# #..#
#. #§§§§# ## ##.
§##§# . #. ## ..
###


You could see 3 starcursed masses and a large abomination.

Vanquished Creatures
  Saint Roka (Orc:2)
  A bone dragon (Abyss:3)
  4 tentacled starspawn (Abyss:3)
  A thorn hunter (Swamp:2)
  A tengu reaver (Depths:1)
  Donald (Swamp:2)
  A fire giant (D:15)
  2 stone giants (Depths:1)
  The ghost of Amnesiac the Earth Mage, a journeyman DEEE of Sif Muna (D:14)
  An ettin (Orc:1)
  A fire dragon (Lair:4)
  Josephine (Swamp:1)
  A rakshasa (D:14)
  4 vault guards
  Fannar (D:11)
  6 hydras
  4 catoblepae (Lair:6)
  3 centaur warriors
  Erica (D:9)
  8 death yaks
  13 alligators
  8 two-headed ogres
  A hell hog (Abyss:3)
  Urug (Lair:3)
  An orc high priest (Orc:2)
  A thrashing horror (Abyss:3)
  3 spriggans (Swamp:1)
  A wretched star (Abyss:3)
  A sixfirhy (Abyss:3)
  An unseen horror (D:15)
  3 shambling mangroves (Swamp:1)
  2 swamp dragons (Swamp:3)
  A necromancer (D:15)
  A lindwurm (Lair:6)
  A stone giant zombie (Depths:1)
  A wolf spider (Lair:3)
  4 orc sorcerers
  A deep elf mage (D:13)
  11 ugly things
  2 worldbinders (Abyss:3)
  A manticore (Lair:6)
  3 orc knights
  9 elephants
  6 cyclopes
  3 centaur zombies
  6 smoke demons
  A fire giant skeleton (Abyss:3)
  5 black mambas
  2 torpor snails
  6 large abominations (Abyss:3)
  12 spiny frogs
  A spriggan skeleton (Depths:1)
  6 komodo dragons
  15 rime drakes
  4 centaur skeletons
  3 gargoyles
  A kobold demonologist (D:14)
  2 demonic crawlers (Abyss:3)
  2 ancient zymes (Abyss:3)
  8 trolls
  4 tyrant leeches
  A queen bee (shapeshifter) (D:15)
  A queen bee (Lair:2)
  A merfolk (D:9)
  2 bog bodies
  8 hornets (Swamp:1)
  4 dream sheep (Lair:6)
  Prince Ribbit (D:9)
  3 raiju (Abyss:3)
  13 slime creatures
  A harpy skeleton (D:15)
  12 blink frogs
  18 hippogriffs
  An ice dragon skeleton (Depths:1)
  Sigmund (D:2)
  2 ynoxinuls (Abyss:3)
  A shadow (D:13)
  41 yaks
  A vampire (D:13)
  13 wyverns
  Grum (D:9)
  8 basilisks
  A neqoxec (Abyss:3)
  9 fire bats (Volcano)
  8 steam dragons (Lair:4)
  5 wraiths (Swamp:1)
  18 vampire mosquitoes
  4 chaos spawn (Abyss:3)
  6 hungry ghosts
  9 swamp worms
  3 acid dragons
  6 insubstantial wisps (Swamp:1)
  A warg (Orc:2)
  An acid dragon (shapeshifter) (Abyss:3)
  7 water moccasins
  2 hell hounds
  A porcupine (Lair:5)
  2 swamp drakes
  An ice beast (shapeshifter) (Abyss:3)
  27 orc warriors
  6 ice beasts
  3 black bears
  4 eyes of draining
  6 sky beasts
  6 ogres
  2 hornet zombies
  2 phantoms (D:4)
  11 wolves
  11 centaurs
  19 crocodiles
  A big kobold (D:12)
  12 bullfrogs
  6 scorpions
  A wyvern skeleton (D:12)
  5 wights (D:15)
  20 killer bees
  3 electric eels
  3 howler monkeys
  7 starcursed masses (Abyss:3)
  A bullfrog zombie (D:11)
  7 crimson imps
  5 hounds
  4 jellies
  8 lava snakes (Volcano)
  2 quasits
  16 orc priests
  A bullfrog skeleton (D:7)
  3 iguanas
  29 orc wizards
  8 hell rats
  8 worker ants
  Terence (D:2)
  5 small abominations (Abyss:3)
  Robin (D:2)
  7 adders
  8 gnolls (D:6)
  2 river rats
  2 shadow imps
  A white imp (Abyss:3)
  An ufetubus (Abyss:3)
  2 oozes (D:1)
  An adder skeleton (D:9)
  3 worms
  4 dart slugs
  4 leopard geckos
  92 orcs
  7 giant cockroaches
  17 goblins
  6 hobgoblins
  17 jackals
  11 kobolds
  4 quokkas
  2 ball pythons (D:2)
  5 bats
  2 frilled lizards
  A jackal skeleton (D:4)
  2 leopard gecko skeletons
  A quokka zombie (D:5)
  8 rats
  A lurking horror (Abyss:3)
  2 starspawn tentacles (Abyss:3)
887 creatures vanquished.

Vanquished Creatures (collateral kills)
  An orc knight (Orc:2)
  2 orcs (Orc:2)
3 creatures vanquished.

Vanquished Creatures (others)
  An ufetubus (Abyss:3)
  3 briar patches (Swamp:2)
  10 fungi
  A lurking horror (Abyss:3)
  13 plants
  15 starspawn tentacles (Abyss:3)
43 creatures vanquished.

Grand Total: 933 creatures vanquished

Notes
Turn   | Place    | Note
-------+----------+-------------------------------------------
     0 | D:1      | KristoblXynda the Troll Monk began the quest for the Orb.
     0 | D:1      | Reached XP level 1. HP: 22/22 MP: 0/0
   112 | D:1      | Reached XP level 2. HP: 29/29 MP: 1/1
   264 | D:1      | Reached XP level 3. HP: 36/36 MP: 2/2
   658 | D:2      | Noticed Robin
   671 | D:2      | Killed Robin
   672 | D:2      | Reached skill level 4 in Unarmed Combat
   720 | D:2      | Reached XP level 4. HP: 44/44 MP: 3/3
   854 | D:2      | Found a snail-covered altar of Cheibriados.
   900 | D:2      | Became a worshipper of Cheibriados the Contemplative
   900 | D:2      | Reached * piety under Cheibriados
   900 | D:2      | Reached ** piety under Cheibriados
   909 | D:2      | Noticed Terence
   927 | D:2      | Killed Terence
  1103 | D:2      | Found a shattered altar of Ashenzari.
  1399 | D:2      | Noticed Sigmund
  1427 | D:2      | Killed Sigmund
  1427 | D:2      | Reached skill level 5 in Unarmed Combat
  1427 | D:2      | Reached XP level 5. HP: 48/53 MP: 4/4
  1427 | D:2      | Reached XP level 6. HP: 56/61 MP: 5/5
  1777 | D:3      | Reached skill level 6 in Unarmed Combat
  1779 | D:3      | Reached skill level 1 in Invocations
  1995 | D:3      | Reached *** piety under Cheibriados
  2066 | D:3      | Found a radiant altar of Vehumet.
  2202 | D:3      | Found a bloodstained altar of Trog.
  2408 | D:4      | Reached XP level 7. HP: 59/67 MP: 7/7
  2658 | D:4      | Found a burning altar of Makhleb.
  2908 | D:4      | Reached skill level 7 in Unarmed Combat
  3027 | D:5      | Entered Level 5 of the Dungeon
  3140 | D:5      | Reached **** piety under Cheibriados
  3143 | D:5      | Reached XP level 8. HP: 54/75 MP: 9/9
  3349 | D:5      | Reached skill level 5 in Dodging
  3417 | D:5      | Gained mutation: You occasionally shout uncontrollably at your foes. [mutagenic meat]
  3418 | D:5      | Gained mutation: Your flesh is cold resistant. (rC+) [mutagenic meat]
  3419 | D:5      | Gained mutation: You have a pair of small antennae on your head. [mutagenic meat]
  3456 | D:5      | Found a staircase to the Ecumenical Temple.
  4454 | Temple   | Entered the Ecumenical Temple
  4592 | D:6      | Found a glowing golden altar of the Shining One.
  4804 | D:6      | Reached ***** piety under Cheibriados
  4814 | D:6      | Reached skill level 8 in Unarmed Combat
  4934 | D:6      | Found Voin's Gadget Emporium.
  5213 | D:6      | Found Soarokka's Food Boutique.
  5285 | D:7      | Reached skill level 5 in Invocations
  5365 | D:7      | Found an ancient bone altar of Kikubaaqudgha.
  5379 | D:7      | Reached XP level 9. HP: 71/81 MP: 11/11
  5384 | D:7      | Gained mutation: Scrolls take you a little longer to read. [mutagenic meat]
  5386 | D:7      | Gained mutation: You are partially covered in rugged brown scales. (AC +1, +3% HP) [mutagenic meat]
  5387 | D:7      | Gained mutation: You are agile. (Dex +2) [mutagenic meat]
  5388 | D:7      | Gained mutation: You tend to lose your temper in combat. [mutagenic meat]
  5389 | D:7      | Gained mutation: You are partially covered in icy blue scales. (AC +2) [mutagenic meat]
  5393 | D:7      | Noticed an angel
  5394 | D:7      | Found a glowing silver altar of Zin.
  5549 | D:7      | Found a sparkling altar of Nemelex Xobeh.
  5740 | D:7      | Found a blossoming altar of Fedhas.
  5879 | D:8      | Noticed a cyclops
  6136 | D:8      | Reached skill level 9 in Unarmed Combat
  6310 | D:8      | Killed a cyclops
  6627 | D:9      | Noticed Grum
  6654 | D:9      | Killed Grum
  6654 | D:9      | Reached XP level 10. HP: 44/93 MP: 14/14
  6802 | D:9      | Noticed a two-headed ogre
  6812 | D:9      | Killed a two-headed ogre
  6822 | D:9      | Killed Erica
  6822 | D:9      | Reached skill level 10 in Unarmed Combat
  6924 | D:9      | Found a sacrificial altar of Ru.
  6936 | D:9      | Noticed Prince Ribbit
  6936 | D:9      | Noticed a death yak
  6936 | D:9      | Noticed a death yak
  6943 | D:9      | Found an opulent altar of Gozag.
  6944 | D:9      | Noticed a death yak
  7076 | D:9      | Reached skill level 1 in Evocations
  7145 | D:10     | Entered Level 10 of the Dungeon
  7473 | D:10     | Reached ****** piety under Cheibriados
  7734 | D:10     | Found an ornate altar of the Wu Jian Council.
  8226 | D:11     | Reached skill level 1 in Maces & Flails
  8228 | D:11     | Reached XP level 11. HP: 94/99 MP: 16/16
  8452 | D:11     | Found a staircase to the Orcish Mines.
  8459 | D:11     | Found Iwiahycy's General Store.
  8540 | D:11     | Noticed a two-headed ogre
  8550 | D:11     | Killed a two-headed ogre
  8883 | D:11     | Gained mutation: You expend magic power (3 MP) to strengthen your wands. [mutagenic meat]
  8884 | D:11     | Gained mutation: You are partially covered in thin metallic scales. (AC +2) [mutagenic meat]
  8887 | D:11     | Gained mutation: You often lose your temper in combat. [mutagenic meat]
  8888 | D:11     | Lost mutation: Scrolls take you a little longer to read. [mutagenic meat]
  8912 | D:11     | Noticed Fannar
  8924 | D:11     | Killed Fannar
  9623 | D:12     | Noticed a two-headed ogre
  9632 | D:12     | Killed a two-headed ogre
  9665 | D:12     | Reached skill level 5 in Maces & Flails
  9899 | D:12     | Reached skill level 5 in Evocations
  9985 | D:12     | Noticed a purple ugly thing
 10004 | D:12     | Killed a purple ugly thing
 10102 | D:12     | Noticed a green ugly thing
 10120 | D:12     | Killed a green ugly thing
 10126 | D:12     | Gained mutation: You have a pair of antennae on your head. [mutagenic meat]
 10127 | D:12     | Lost mutation: You often lose your temper in combat. [mutagenic meat]
 10128 | D:12     | Gained mutation: Your flesh is very cold resistant. (rC++) [mutagenic meat]
 10338 | D:13     | Noticed a two-headed ogre
 10348 | D:13     | Killed a two-headed ogre
 10348 | D:13     | Reached XP level 12. HP: 51/108 MP: 17/17
 10547 | D:13     | Learned a level 4 spell: Petrify
 10556 | D:13     | Noticed a two-headed ogre
 10557 | D:13     | Noticed a two-headed ogre
 10560 | D:13     | Killed a two-headed ogre
 10565 | D:13     | Killed a two-headed ogre
 10565 | D:13     | Reached skill level 10 in Dodging
 10695 | D:13     | Reached skill level 1 in Transmutations
 10700 | D:13     | Noticed a two-headed ogre
 10704 | D:13     | Killed a two-headed ogre
 10738 | D:13     | Lost mutation: You expend magic power (3 MP) to strengthen your wands. [potion of mutation]
 10738 | D:13     | Lost mutation: You are agile. (Dex +2) [potion of mutation]
 10738 | D:13     | Lost mutation: Your flesh is very cold resistant. (rC++) [potion of mutation]
 10738 | D:13     | Gained mutation: Your flesh is very cold resistant. (rC++) [potion of mutation]
 10738 | D:13     | Gained mutation: You are resistant to electric shocks. (rElec) [potion of mutation]
 11080 | D:14     | Found a gate to the Vaults.
 11080 | D:14     | Noticed a vault guard
 11080 | D:14     | Noticed a vault guard
 11080 | D:14     | Noticed a vault guard
 11080 | D:14     | Noticed a vault guard
 11085 | D:14     | Noticed a rakshasa
 11238 | D:14     | Found Ufiddyad's Jewellery Emporium.
 11307 | D:14     | Killed a rakshasa
 11307 | D:14     | Reached skill level 5 in Fighting
 11354 | D:14     | Noticed Amnesiac's ghost (journeyman DEEE)
 11363 | D:14     | Killed Amnesiac's ghost
 11445 | D:14     | Killed a vault guard
 11778 | D:14     | Killed a vault guard
 11907 | D:14     | Noticed a centaur warrior
 11913 | D:14     | Killed a centaur warrior
 12048 | D:14     | Bought the ring of Mistrust {rCorr rF+ Str+3} for 644 gold pieces
 12335 | D:14     | Reached XP level 13. HP: 123/123 MP: 18/18
 12474 | D:14     | Reached skill level 1 in Shields
 12672 | D:15     | Entered Level 15 of the Dungeon
 12675 | D:15     | Reached XP level 14. HP: 133/133 MP: 19/19
 12679 | D:15     | Found a staircase to the Depths.
 12679 | D:15     | Noticed a fire giant
 12690 | D:15     | Killed a fire giant
 12815 | D:15     | Reached skill level 5 in Transmutations
 13324 | D:15     | Reached skill level 5 in Shields
 13806 | D:14     | Bought an uncursed ring of see invisible for 240 gold pieces
 13924 | D:9      | Found a staircase to the Lair.
 13988 | Lair:1   | Entered Level 1 of the Lair of Beasts
 14087 | Lair:1   | Found a shimmering altar of Xom.
 16187 | Lair:3   | Noticed Urug
 16198 | Lair:3   | Killed Urug
 16361 | Lair:3   | Found a hole to the Spider Nest.
 17198 | Lair:5   | Identified the Reference Book on Flying Boosts
 17206 | Lair:5   | Identified a scroll of acquirement
 17366 | Lair:4   | Found a staircase to the Swamp.
 17379 | Lair:4   | Reached skill level 1 in Armour
 17392 | Lair:4   | Reached XP level 15. HP: 103/140 MP: 20/20
 17571 | Lair:4   | Reached skill level 1 in Spellcasting
 18246 | Lair:5   | Found a runed door.
 18247 | Lair:5   | Found a viscous altar of Jiyva.
 18248 | Lair:5   | Noticed an acid blob
 18249 | Lair:5   | Found a staircase to the Slime Pits.
 18249 | Lair:5   | Noticed an acid blob
 18788 | Lair:6   | Entered Level 6 of the Lair of Beasts
 19036 | Lair:6   | Found an iron altar of Okawaru.
 19145 | Lair:6   | Reached skill level 5 in Armour
 20149 | Lair:6   | Got a twitching zirconium amulet
 20158 | Lair:6   | Identified the amulet "Hoiplusu" {Reflect rF+ rN+++ Str-4 Int+3 SH+4} (You found it on level 6 of the Lair of Beasts)
 20580 | Lair:1   | Lost mutation: You tend to lose your temper in combat. [potion of mutation]
 20580 | Lair:1   | Lost mutation: You occasionally shout uncontrollably at your foes. [potion of mutation]
 20580 | Lair:1   | Gained mutation: You expend magic power (3 MP) to strengthen your wands. [potion of mutation]
 20580 | Lair:1   | Gained mutation: You are covered in thick fur. (AC +2) [potion of mutation]
 20607 | Lair:1   | Learned a level 5 spell: Lee's Rapid Deconstruction
 20640 | D:9      | Killed Prince Ribbit
 20648 | D:9      | Reached skill level 1 in Earth Magic
 20730 | D:9      | Found Duodau's Gadget Emporium.
 20754 | D:9      | Bought a wand of clouds (6) for 420 gold pieces
 20784 | D:9      | Found a shimmering altar of Xom.
 20940 | Orc:1    | Entered Level 1 of the Orcish Mines
 21019 | Orc:2    | Entered Level 2 of the Orcish Mines
 21037 | Orc:2    | Paralysed by an orc sorcerer for 7 turns
 21080 | Orc:2    | Found a dark tunnel.
 21091 | Volcano  | Entered a volcano
 21387 | Volcano  | Reached skill level 5 in Spellcasting
 21459 | Volcano  | Found a bloodstained altar of Trog.
 21686 | Orc:2    | Found a staircase to the Elven Halls.
 21888 | Orc:2    | Noticed Saint Roka
 21913 | Orc:2    | Killed Saint Roka
 21913 | Orc:2    | Reached XP level 16. HP: 114/149 MP: 11/22
 21933 | Orc:2    | Found a roughly hewn altar of Beogh.
 21985 | Orc:2    | Found Buehukk's General Store.
 21998 | Orc:2    | Found Utaodith's Jewellery Emporium.
 22154 | Orc:2    | Found Duaguuto's Antique Armour Emporium.
 22161 | Orc:2    | Bought a runed scarf for 224 gold pieces
 22174 | Orc:2    | Found Kyithoh's Antique Weapon Emporium.
 22497 | Orc:1    | Found Cozor's Distillery.
 22946 | Depths:1 | Entered Level 1 of the Depths
 23212 | Depths:1 | Reached skill level 11 in Unarmed Combat
 23556 | Swamp:1  | Entered Level 1 of the Swamp
 23932 | Swamp:1  | Noticed Josephine
 23936 | Swamp:1  | Killed Josephine
 23960 | Swamp:1  | Reached skill level 5 in Earth Magic
 23968 | Swamp:1  | Paralysed by a hornet for 2 turns
 24456 | Swamp:1  | Reached skill level 10 in Evocations
 24705 | Swamp:1  | Got a crude flail
 24710 | Swamp:1  | Identified the +0 flail of the Whale {freeze, rF- Str+4} (You found it on level 1 of the Swamp)
 25652 | Swamp:2  | Noticed a thorn hunter
 25746 | Swamp:2  | Noticed Donald
 25768 | Swamp:2  | Killed Donald
 25964 | Swamp:2  | Killed a thorn hunter
 26162 | Swamp:3  | Noticed Louise
 26166 | Swamp:3  | Cast into level 3 of the Abyss (Louise)
 26172 | Abyss:3  | Noticed a tentacled starspawn
 26178 | Abyss:3  | Killed a tentacled starspawn
 26457 | Abyss:3  | Noticed a tentacled starspawn
 26574 | Abyss:3  | Reached XP level 17. HP: 156/156 MP: 23/23
 26634 | Abyss:3  | Noticed a bone dragon
 26661 | Abyss:3  | Killed a bone dragon
 26768 | Swamp:3  | Escaped the Abyss
 26788 | Swamp:3  | Cast into level 3 of the Abyss (Louise)
 26830 | Abyss:3  | Gained mutation: You are clumsy. (Dex -2) [a neqoxec]
 26831 | Abyss:3  | Gained mutation: Your magical capacity is low. (-10% MP) [a neqoxec]
 26896 | Abyss:3  | Reached skill level 12 in Unarmed Combat
 27314 | Abyss:3  | HP: 5/156 [large abomination (7)]
 27315 | Abyss:3  | Killed from afar by a starcursed mass

Vault maps used:
D:1:      kilobyte_arrival_exit_the_forest, minmay_pentomino_t2
D:2:      cheibriados_altar_1, lemuel_doored_altar, first_bread,
          kennysheep_generic_room_12, uniq_robin, uniq_terence, uniq_sigmund
D:3:      old_standard_altar, fiery_altar_vehumet, hex_tiny
D:4:      kennysheep_big_flooded_room, makhleb_grotto_becter
D:5:      minmay_temple_entry_crystal_x, roderic_lattice_a
D:6:      overflow_temple_1_default, serial_shops, kennysheep_little_box,
          nicolae_shop_temple_entry_statues_fountains
D:7:      zin_angel, nemelex_xobeh_ov_fountains_minmay,
          nicolae_overflow_crystal_walls, lemuel_crystal_altar
D:9:      overflow_temple_1_default, old_standard_altar, lemuel_round_altar,
          dpeg_lair_monsters, serial_shops, shop_coins, hangedman_fish_farm,
          minmay_misc_feat_tower, uniq_grum, uniq_erica, uniq_prince_ribbit1
D:10:     basic_altar, lemuel_flame_loot_1
D:11:     cheibrodos_elevator_heist, orc_0_dummy, serial_shops, shop,
          uniq_fannar
D:13:     serial_park_tiny_pond
D:14:     lightli_vaults_fourway_checkpoint, serial_shops,
          nicolae_shop_behind_doors, grunt_decor_mini_mirrors,
          serial_column_ruins, column_ruins_open_small, column_ruins_open_small,
          column_ruins_open_medium, column_ruins_grid_1
D:15:     grunt_enter_depths_giant_problem, nicolae_water_bricks
Temple:   kb_temple_of_zot
Lair:1:   basic_altar
Lair:2:   special_room, cheibrodos_lair_caveside_slide, grunt_megastairs_5
Lair:3:   spider_nest_entry_rubble, minivault_19, uniq_urug
Lair:4:   swamp_mist, special_room, bobbens_dragon_lair_wall
Lair:5:   slime_altar_2, grunt_megastairs_2
Lair:6:   evilmike_catoblepas_cave, basic_altar, grunt_megastairs_1,
          serial_bayou_shore_b, infiniplex_staircase_pool
Swamp:1:  hangedman_swamp_ruin_wall, swamp_pool2, uniq_josephine
Swamp:2:  evilmike_swamp_ruin_house_3, uniq_donald
Swamp:3:  hangedman_swamp_blocks, infiniplex_staircase_pool_2, uniq_louise
Orc:1:    serial_shops, shop
Orc:2:    grunt_orc_cross, nicolae_volcano_entry_two_sided
Depths:1: grunt_hell_entry_dis_grunt, kennysheep_pointless_box,
          grunt_ministairs_3, minmay_misc_feat_room, corexii_leaking_fountain,
          xom_teletrap_fun
Abyss:3:  nicolae_abyss_rune_star_stuff, hangedman_decor_lopped,
          grunt_abyss_rune_wretched_hive, evilmike_abyss_exit_12
Volcano:  volcano_grotto

Skill      XL: |  1  2  3  4  5  6  7  8  9 10 11 12 13 14 15 16 17 |
---------------+----------------------------------------------------+-----
Unarmed Combat | 4 5 6 7 8 9 10 11 12 | 12.0
Dodging        | 3 4 5 7 8 9 10 | 10.0
Fighting       | 3 6 |  6.2
Invocations    | 1 3 5 6 8 |  8.2
Evocations     | 2 5 7 9 10 | 10.0
Maces & Flails | 1 5 |  5.1
Transmutations | 4 5 |  5.0
Shields        | 1 9 |  9.3
Armour         | 1 7 9 |  9.0
Spellcasting   | 5 |  5.1
Earth Magic    | 3 7 8 |  8.1
Stealth        | 2 |  2.7

Action                   |  1- 3 |  4- 6 |  7- 9 | 10-12 | 13-15 | 16-18 || total
-------------------------+-------+-------+-------+-------+-------+-------++-------
Melee: Unarmed           |    87 |   117 |   235 |   517 |  1075 |   949 ||  2980
       Punch             |       |     4 |    12 |    45 |    21 |       ||    82
       Whip              |       |       |       |       |    47 |    11 ||    58
Invok: Slouch            |       |       |       |       |     4 |       ||     4
Evoke: Wand              |       |       |       |    34 |    19 |    33 ||    86
       Sack of spiders   |       |       |       |       |     1 |     3 ||     4
  Use: Scroll            |       |       |    20 |    16 |    13 |    11 ||    60
       Potion            |       |       |     1 |     3 |     5 |    19 ||    28
 Stab: Sleeping          |     2 |     3 |     3 |     6 |     5 |       ||    19
       Distracted        |       |     1 |       |     2 |       |       ||     3
       Paralysed         |       |       |       |    26 |    22 |    14 ||    62
       Invisible         |       |       |       |       |     4 |     1 ||     5
  Eat: Chunk             |    12 |    11 |    36 |    64 |    68 |    30 ||   221
       Royal jelly       |       |       |     1 |       |       |     1 ||     2
Armor: Robe              |    32 |    17 |    96 |   186 |   329 |   236 ||   896
       Skin              |       |       |       |       |       |     9 ||     9
Dodge: Dodged            |    51 |    48 |   258 |   594 |   837 |   536 ||  2324
Block: Shield            |       |       |       |       |   887 |  1107 ||  1994
       Reflection        |       |       |       |       |     9 |    17 ||    26

Table legend:
 A = Spawn XP
 B = Non-spawn XP
 C = Spawn XP percentage of total XP
 D = Spawn monster count
 E = Non-spawn monster count
 F = Spawn count percentage of total count
 G = Total turns spent on level
                    A         B        C        D         E        F      G
               +---------+---------+-------+---------+---------+-------+---------
         Total |   17074 |  191400 |   8.2 |      35 |     852 |   3.9 | 27315
               +---------+---------+-------+---------+---------+-------+---------
           D:1 |       0 |      59 |   0.0 |       0 |      27 |   0.0 |   636
           D:2 |       0 |     343 |   0.0 |       0 |      32 |   0.0 |  1119
           D:3 |       0 |     205 |   0.0 |       0 |      19 |   0.0 |   507
           D:4 |       0 |     702 |   0.0 |       0 |      19 |   0.0 |   765
           D:5 |       0 |     730 |   0.0 |       0 |      33 |   0.0 |  1451
           D:6 |       0 |     554 |   0.0 |       0 |      16 |   0.0 |   656
           D:7 |       0 |     871 |   0.0 |       0 |      13 |   0.0 |   593
           D:8 |       0 |    1494 |   0.0 |       0 |      13 |   0.0 |   808
           D:9 |       0 |    7807 |   0.0 |       0 |      35 |   0.0 |   837
          D:10 |       0 |    1605 |   0.0 |       0 |      26 |   0.0 |   992
          D:11 |       0 |    3221 |   0.0 |       0 |      15 |   0.0 |  1170
          D:12 |       0 |    8423 |   0.0 |       0 |      54 |   0.0 |  1309
          D:13 |       0 |    7460 |   0.0 |       0 |      22 |   0.0 |   813
          D:14 |       0 |   11626 |   0.0 |       0 |      40 |   0.0 |  1705
          D:15 |       0 |   15753 |   0.0 |       0 |      53 |   0.0 |  1228
        Lair:1 |       0 |    3262 |   0.0 |       0 |      14 |   0.0 |  1027
        Lair:2 |       0 |    8227 |   0.0 |       0 |      38 |   0.0 |  1277
        Lair:3 |       0 |    1736 |   0.0 |       0 |       4 |   0.0 |   564
        Lair:4 |       0 |   19920 |   0.0 |       0 |      70 |   0.0 |  1351
        Lair:5 |       0 |    5712 |   0.0 |       0 |      24 |   0.0 |   855
        Lair:6 |       0 |   19049 |   0.0 |       0 |      55 |   0.0 |  1686
       Swamp:1 |       0 |   20566 |   0.0 |       0 |      48 |   0.0 |  1400
       Swamp:2 |       0 |   12503 |   0.0 |       0 |      23 |   0.0 |  1008
       Swamp:3 |       0 |    4005 |   0.0 |       0 |       9 |   0.0 |   158
         Orc:1 |       0 |    2720 |   0.0 |       0 |      19 |   0.0 |   453
         Orc:2 |       0 |   13664 |   0.0 |       0 |      81 |   0.0 |  1004
      Depths:1 |       0 |    5309 |   0.0 |       0 |       6 |   0.0 |   280
       Abyss:3 |   17074 |    9519 |  64.2 |      35 |      22 |  61.4 |  1129
       Volcano |       0 |    4355 |   0.0 |       0 |      22 |   0.0 |   442
               +---------+---------+-------+---------+---------+-------+---------
